 Dungeon Crawl Stone Soup version 0.24-a0-762-gca426f5 (webtiles) character file.

Game seed: 17284406918593137694, levelgen mode: deterministic

1090 Bloodrosh the Cleaver (level 8, -4/70 HPs)
             Began as a Hill Orc Fighter on Oct 4, 2019.
             Was a Believer of Beogh.
             Slain by an ogre
             ... wielding a +0 giant club
              (22 damage)
             ... on level 6 of the Dungeon.
             The game lasted 00:23:27 (4691 turns).

Bloodrosh the Cleaver (Hill Orc Fighter)            Turns: 4691, Time: 00:23:28

Health: -4/70      AC: 12    Str: 21    XL:     8   Next: 31%
Magic:  9/9        EV:  8    Int: 10    God:    Beogh [**....]
Gold:   194        SH: 10    Dex: 10    Spells: 7/7 levels left

rFire    . . .     SeeInvis .   k - +6 hand axe of Vyfoy {pain, Int+2}
rCold    . . .     Gourm    +   c - +0 shield
rNeg     . . .     Faith    .   C - +0 plate armour
rPois    +         Spirit   .   (no helmet)
rElec    .         Reflect  .   (no cloak)
rCorr    .         Harm     .   (no gloves)
MR       .....                  (no boots)
Stlth    ..........             h - amulet of the gourmand
HPRegen  0.21/turn              s - +4 ring of evasion
MPRegen  0.11/turn              n - ring of poison resistance

@: no status effects
A: no striking features
a: Smiting, Renounce Religion


You were on level 6 of the Dungeon.
You worshipped Beogh.
Beogh was pleased with you.
You were not hungry.

You visited 2 branches of the dungeon, and saw 7 of its levels.
You also visited: Sewer.

You collected 354 gold pieces.
You spent 160 gold pieces at shops.

Inventory:

Hand Weapons
 a - a +0 war axe
 k - the +6 hand axe of Vyfoy (weapon) {pain, Int+2}
   (You bought it in a shop on level 4 of the Dungeon)

   In the hands of one skilled in necromantic magic, it inflicts extra damage on
   living creatures.
   It affects your intelligence (+2).
Missiles
 i - 3 javelins (quivered)
Armour
 b - a +0 scale mail
 c - a +0 shield (worn)
 C - a +0 plate armour (worn)
Jewellery
 h - an amulet of the gourmand (around neck)
 l - an uncursed ring of protection from cold
 n - a ring of poison resistance (right hand)
 s - a +4 ring of evasion (left hand)
 t - an uncursed ring of protection from fire
Wands
 D - a wand of iceblast (6)
Scrolls
 e - 7 scrolls of teleportation
 g - a scroll of immolation {unknown}
 j - 2 scrolls of enchant weapon {unknown}
 o - a scroll of amnesia {unknown}
 p - 2 scrolls of fog
 u - a scroll of random uselessness {unknown}
 w - a scroll of enchant armour
 x - 2 scrolls of blinking
 y - 3 scrolls of magic mapping
Potions
 d - 3 potions of might
 m - a potion of flight {unknown}
 q - 6 potions of curing {unknown}
 r - a potion of heal wounds {unknown}
 v - a potion of lignification {unknown}
 z - 2 potions of haste {unknown}
 A - 2 potions of invisibility {unknown}
 B - a potion of mutation {unknown}
Comestibles
 f - 14 rations


   Skills:
 + Level 6.1 Fighting
 * Level 8.1 Axes
 + Level 5.6 Armour
 + Level 5.5 Shields
 + Level 2.1 Invocations


You had 7 spell levels left.
You didn't know any spells.
Your spell library was empty.

Dungeon Overview and Level Annotations

Branches:
Dungeon (6/15)             Temple (1/1) D:4           Sewer (visited)

Altars:
Ashenzari
Cheibriados
Dithmenos
Elyvilon
Fedhas
Hepliaklqana
Makhleb
Nemelex Xobeh
Okawaru
Ru
Sif Muna
Trog
Uskayaw
Vehumet
Wu Jian
Xom
Zin
The Shining One

Shops:
D:4 (=[[*


Message History

The ogre hits you with a +0 giant club!
Found 2 ruby potions.
You barely miss the ogre.
The ogre hits you with a +0 giant club!!
You hit the ogre.
The ogre is lightly wounded.
The ogre barely misses you.
Your plate armour prevents you from hitting the ogre.
The ogre is lightly wounded.
You block the ogre's attack.
You barely miss the ogre.
The ogre is lightly wounded.
Your shield and plate armour prevent you from hitting the ogre.
The ogre is lightly wounded.
The ogre hits you with a +0 giant club!!
* * * LOW HITPOINT WARNING * * *
You slash the ogre!
The ogre is heavily wounded.
The ogre hits you with a +0 giant club!!
You die...

#.#####
##.##...
###.......
##......... .
##...#......
...
###...##......
!...#
##...####......
#...####...##
#......
#.O@....##
##.....
###...###
###... #..##
#### ##.. #
#..# # ##.#
#### .. #....
..# ....# ###


You could see an ogre.

Vanquished Creatures
  A phantom (D:5)
  2 ogres
  2 crimson imps (D:5)
  3 hounds
  3 orc priests (D:4)
  5 orc wizards
  A bullfrog skeleton (D:4)
  2 worker ants (D:4)
  A killer bee zombie (D:5)
  12 gnolls
  10 adders
  An adder skeleton (D:5)
  3 worms
  A dart slug (D:1)
  6 leopard geckos
  22 orcs
  3 ball pythons (Sewer)
  9 giant cockroaches
  5 goblins
  8 hobgoblins
  5 jackals
  7 kobolds
  A quokka (D:5)
  4 bats
  17 frilled lizards
  5 rats
139 creatures vanquished.

Vanquished Creatures (others)
  An adder (D:3)
  An orc (D:3)
  A kobold (D:3)
3 creatures vanquished.

Grand Total: 142 creatures vanquished

Notes
Turn   | Place    | Note
-------+----------+-------------------------------------------
     0 | D:1      | Bloodrosh the Hill Orc Fighter began the quest for the Orb.
     0 | D:1      | Reached XP level 1. HP: 19/19 MP: 1/1
    34 | D:1      | Reached skill level 3 in Axes
    50 | D:1      | Reached XP level 2. HP: 20/27 MP: 2/2
   276 | D:1      | Reached XP level 3. HP: 23/33 MP: 3/3
   700 | D:2      | Reached skill level 4 in Axes
   794 | D:2      | Reached XP level 4. HP: 36/40 MP: 4/4
   798 | D:2      | Found a bloodstained altar of Trog.
  1186 | D:3      | Became a worshipper of Beogh the Brigand
  1260 | D:3      | Reached XP level 5. HP: 26/47 MP: 5/5
  1487 | D:3      | Found a sacrificial altar of Ru.
  1797 | D:3      | Reached skill level 5 in Axes
  1870 | D:3      | Reached * piety under Beogh
  2154 | D:4      | Found a glowing drain.
  2176 | Sewer    | Entered a sewer
  2270 | Sewer    | Reached XP level 6. HP: 45/53 MP: 6/6
  2498 | D:4      | Reached skill level 6 in Axes
  2718 | D:4      | Reached skill level 5 in Fighting
  2738 | D:4      | Found a radiant altar of Vehumet.
  2917 | D:4      | Found a glowing golden altar of the Shining One.
  2932 | D:4      | Reached ** piety under Beogh
  2932 | D:4      | Reached XP level 7. HP: 52/61 MP: 7/7
  3047 | D:4      | Reached skill level 5 in Shields
  3049 | D:4      | Reached skill level 5 in Armour
  3051 | D:4      | Reached skill level 7 in Axes
  3068 | D:5      | Entered Level 5 of the Dungeon
  3313 | D:4      | Found Cissamip's Antique Weapon Emporium.
  3316 | D:4      | Bought a transparent hand axe for 160 gold pieces
  3316 | D:4      | Identified the +6 hand axe of Vyfoy {pain, Int+2} (You
                  | bought it in a shop on level 4 of the Dungeon)
  3350 | D:4      | Found Paazafuokk's Antique Armour Boutique.
  3362 | D:4      | Found Ojoriyvayh's Armour Boutique.
  3443 | D:4      | Found a staircase to the Ecumenical Temple.
  3457 | Temple   | Entered the Ecumenical Temple
  3560 | D:4      | Found Kucsode's Assorted Antiques.
  3743 | D:4      | Found Noprua's Jewellery Shoppe.
  3892 | D:5      | Reached skill level 1 in Invocations
  3897 | D:5      | Reached XP level 8. HP: 65/70 MP: 8/8
  4072 | D:5      | Found a snail-covered altar of Cheibriados.
  4265 | D:5      | Reached skill level 8 in Axes
  4691 | D:6      | Slain by an ogre

Levels and vault maps discovered:
D:1:      ncdulo_lavacross, layout_rooms, serial_park_tiny_1, minmay_lizard_pond
D:2:      layout_basic, bloody_trog
D:3:      layout_loops_cross, old_standard_altar, minmay_three_crescents
D:4:      layout_loops_ring, old_standard_altar, nicolae_overflow_hidden_temple,
          minmay_temple_entry_large_hall, serial_shops,
          nicolae_shop_behind_doors, nicolae_shop_crystal, shop, shop,
          kennysheep_little_box, first_ration, portal_sewer_entry_f
D:5:      layout_loops_ring, slow_altar_1
D:6:      wander_guarded_unrand_ratskin, layout_cave_pods
Temple:   nicolae_temple_god_jail

Skill      XL: |  1  2  3  4  5  6  7  8 |
---------------+-------------------------+-----
Axes           | 3 4 5 6 7 8 |  8.1
Fighting       | 4 5 6 |  6.1
Shields        | 4 5 |  5.5
Armour         | 4 5 |  5.6
Invocations    | 1 2 |  2.1

Action                   |  1- 3 |  4- 6 |  7- 9 || total
-------------------------+-------+-------+-------++-------
Melee: War axe           |    71 |   216 |    50 ||   337
       Hand axe          |       |       |   100 ||   100
Throw: Javelin           |     1 |     3 |       ||     4
Invok: Convert to Beogh  |       |     1 |       ||     1
  Use: Scroll            |       |     5 |     1 ||     6
  Eat: Chunk             |     7 |     8 |     3 ||    18
Armor: Scale mail        |    38 |    72 |    44 ||   154
       Plate armour      |       |       |     8 ||     8
Dodge: Dodged            |    29 |   101 |    60 ||   190
Block: Shield            |    48 |   106 |    71 ||   225

Table legend:
 A = Non-vault XP
 B = Vault XP
 C = Vault XP percentage of total XP
 D = Non-vault monster count
 E = Vault monster count
 F = Vault count percentage of total count
                 A         B        C        D         E       F
            +---------+---------+-------+---------+---------+-------
      Total |    1457 |     101 |   6.5 |     107 |      31 |  22.5
            +---------+---------+-------+---------+---------+-------
        D:1 |      28 |       7 |  20.0 |       8 |       7 |  46.7
        D:2 |      56 |       0 |   0.0 |      22 |       0 |   0.0
        D:3 |     151 |      13 |   7.9 |      22 |       6 |  21.4
        D:4 |     638 |      13 |   2.0 |      31 |       5 |  13.9
        D:5 |     463 |       5 |   1.1 |      23 |       1 |   4.2
        D:6 |     121 |       0 |   0.0 |       1 |       0 |   0.0
      Sewer |       0 |      63 | 100.0 |       0 |      12 | 100.0
            +---------+---------+-------+---------+---------+-------
